 Dungeon Crawl Stone Soup version 0.24.0-125-gc4c63601f3 (webtiles) character file.

Game seed: 16288323631983451038, levelgen mode: deterministic

97 Glamhuggeren the Poker (level 4, -2/34 HPs)
             Began as a Merfolk Skald on Mar 10, 2020.
             Slain by Natasha (7 damage)
             ... on level 2 of the Dungeon.
             The game lasted 00:12:05 (1364 turns).

Glamhuggeren the Poker (Merfolk Skald)              Turns: 1364, Time: 00:12:06

Health: -2/34      AC:  2    Str: 11    XL:     4   Next: 68%
Magic:  4/7        EV: 13    Int: 12    God:
Gold:   80         SH:  0    Dex: 14    Spells: 3/8 levels left

rFire    . . .     SeeInvis .   a - +0 spear
rCold    . . .     Gourm    .   (no shield)
rNeg     . . .     Faith    .   b - +0 leather armour
rPois    .         Spirit   .   (no helmet)
rElec    .         Reflect  .   (no cloak)
rCorr    .         Harm     .   (no gloves)
MR       .....                  k - +0 pair of boots
Stlth    +.........             (no amulet)
HPRegen  0.11/turn              (no ring)
MPRegen  0.10/turn              (no ring)

@: shrouded, singing
A: change form in water, swift swim, stealthy swim, deformed body, low mp 1,
mutation resistance 1
a: no special abilities


You were on level 2 of the Dungeon.
You were not hungry.

You visited 1 branch of the dungeon, and saw 2 of its levels.

You collected 80 gold pieces.

Inventory:

Hand Weapons
 a - a +0 spear (weapon)
 h - a +0 hunting sling
Missiles
 c - 14 stones (quivered)
 n - 3 poisoned darts
 r - 29 sling bullets
Armour
 b - a +0 leather armour (worn)
 k - a +0 pair of boots (worn)
Scrolls
 g - 3 scrolls of identify {unknown}
 m - a scroll of amnesia {unknown}
 p - a scroll of fog {unknown}
Potions
 e - a potion of mutation
 f - 2 potions of degeneration {unknown}
 i - 2 potions of ambrosia {unknown}
 l - a potion of might {unknown}
 o - a potion of brilliance {unknown}
 q - a potion of heal wounds {unknown}
 s - 2 potions of flight {unknown}
Comestibles
 d - 4 rations


   Skills:
 + Level 2.9 Fighting
 + Level 4.0 Polearms
 - Level 1.0 Armour
 - Level 3.0 Dodging
 * Level 2.9 Spellcasting
 + Level 4.0 Charms


You had 3 spell levels left.
You knew the following spells:

 Your Spells              Type           Power        Failure   Level  Hunger
a - Infusion              Chrm           ##..         6%          1    #......
b - Song of Slaying       Chrm           ##......     10%         2    ###....
c - Shroud of Golubria    Chrm/Tloc      #.....       22%         2    ###....

Your spell library contained the following spells:

 Spells                   Type           Power        Failure   Level  Hunger
 Regeneration             Chrm/Necr      #.........   41%         3    ###....
 Spectral Weapon          Hex/Chrm       #.......     41%         3    ###....


Dungeon Overview and Level Annotations

Branches:
Dungeon (2/15)

Altars:

Annotations:
D:2 Natasha


Innate Abilities, Weirdness & Mutations

You revert to your normal form in water.
You are very nimble and swift while swimming.
You are very stealthy in the water. (Stealth+)
Armour fits poorly on your strangely shaped body.
Your magical capacity is low. (-10% MP)
You are somewhat resistant to further mutation.


Message History

You reach to attack!
You closely miss Natasha.
Natasha stares at you and mumbles some strange words.
The magic dart hits you.
Attack whom?
Press: ? - help, Dir - move target cursor, f/p - Natasha
Aim: Natasha You reach to attack!
You closely miss Natasha. You hit Natasha.
Natasha is lightly wounded.
Natasha claws you.
You hit Natasha but do no damage.
Natasha is lightly wounded.
Natasha stares at you and mumbles some strange words.
The magic dart hits you!
* * * LOW HITPOINT WARNING * * *
It was a potion of mutation.
You feel extremely strange.
Your body twists and deforms.
You feel less energetic.
You feel genetically stable. Natasha claws you!
You die...

#############....####.#...รท.#.##.
#.#....##.<.###)#.##.
#.####.#...##........ #.#
#.....##.###.#.. ##.######......#
#.#.# #........)...#.# #...#
#......#.###...# #..#
#####..##..####.#... .
........@h...# ## #. .K
....>........# .............#
###............. #..............
#............## #............#
#...$.......##


You could see Natasha.

Vanquished Creatures
  Natasha (D:2)
  2 adders (D:2)
  2 oozes
  A leopard gecko (D:2)
  5 giant cockroaches
  4 goblins
  7 hobgoblins
  4 jackals (D:2)
  A quokka (D:2)
  4 bats (D:1)
  2 frilled lizards (D:1)
  4 kobolds
  6 rats
43 creatures vanquished.

Notes
Turn   | Place    | Note
-------+----------+-------------------------------------------
     0 | D:1      | Glamhuggeren the Merfolk Skald began the quest for the Orb.
     0 | D:1      | Reached XP level 1. HP: 16/16 MP: 3/3
    44 | D:1      | Reached XP level 2. HP: 18/23 MP: 5/5
   477 | D:1      | Learned a level 2 spell: Song of Slaying
   480 | D:1      | Learned a level 2 spell: Shroud of Golubria
   616 | D:1      | Reached XP level 3. HP: 28/28 MP: 6/6
  1074 | D:2      | Noticed Natasha
  1083 | D:2      | Reached skill level 1 in Armour
  1083 | D:2      | Reached XP level 4. HP: 24/34 MP: 0/7
  1090 | D:2      | Killed Natasha
  1332 | D:2      | Noticed Natasha
  1364 | D:2      | Gained mutation: Armour fits poorly on your strangely
                  | shaped body. [potion of mutation]
  1364 | D:2      | Gained mutation: Your magical capacity is low. (-10% MP)
                  | [potion of mutation]
  1364 | D:2      | Gained mutation: You are somewhat resistant to further
                  | mutation. [potion of mutation]
  1364 | D:2      | Slain by Natasha

Levels and vault maps discovered:
D:1:      lemuel_arrival_room, layout_basic, minmay_tall_x
D:2:      layout_rooms, uniq_natasha

Skill      XL: |  1  2  3  4 |
---------------+-------------+-----
Dodging        | 3 |  3.0
Armour         | 1 |  1.0
Polearms       | 4 |  4.0
Charms         | 4 |  4.0
Fighting       | |  2.9
Spellcasting   | |  2.9

Action                   |  1- 3 |  4- 6 || total
-------------------------+-------+-------++-------
Melee: Spear             |   120 |    21 ||   141
 Cast: Infusion          |     3 |       ||     3
       Song of Slaying   |     1 |     1 ||     2
       Shroud of Golubri |       |     2 ||     2
  Use: Potion            |       |     1 ||     1
 Stab: Sleeping          |     2 |       ||     2
  Eat: Chunk             |     1 |     1 ||     2
Armor: Leather armour    |    20 |     4 ||    24
Dodge: Dodged            |    57 |    10 ||    67
